 Dungeon Sprint DCSS version 0.03.2.1-39-gc08451f611 (webtiles) character file.

Game seed: 17446393072633067670, levelgen mode: deterministic

2540540 esc the Merry Centaur (level 27, 273/273 HPs) Centaur Hunter. Began on Jan 24, 2021. Was an Initiate of Gozag Ym Sagoz. Escaped with the Orb! The game lasted 01:02:28 (9195 turns).

esc the Merry Centaur (Centaur Hunter)              Turns: 9195, Time: 01:02:28

Health: 273/273    AC: 58    Str: 31    XL:     27
Magic:  44/44      EV: 28    Int: 16    God:    Gozag Ym Sagoz
Gold:   28501      SH:  0    Dex: 33    Spells: 44/70 levels left

rFire    + + +     Vision   +   p - +9 longbow (molten)
rCold    + . .     Gourm    .   (also wielding the above weapon)
rNeg     + + +     Faith    .   v - +12 gold dragon scales {Str+3}
rPois    +         Spirit   .   H - +4 hat of Charity {rF+ +Vis}
rElec    .         Reflect  .   E - +0 cloak "Diujoh" {*Corrode rPois rN++ Dex+3}
rCorr    +         Harm     +   q - +1 pair of gloves "Nudden" {*Drain rCorr Dex+9}
MR       ++++.     NoTele   +   u - +4 centaur barding {rF+}
Stlth    ..........             I - amulet of Dytz {Harm -Tele *Drain Str+6 Slay+5 Stlth-}
HPRegen  0.00/turn              d - ring of Okawaru's Favour {rN+ Int+5 Slay+6 +Vis}
MPRegen  0.54/turn              t - ring "Vimpid" {MR++ Str+5 Int+3}

@: very quick
A: large, hooves 3, impaired vision, deformed body, dopey 1, speed 2, low mp 1,
inhibited regeneration, tough skin 3, subdued magic 1
0: Orb of Zot
}: 10/15 runes: serpentine, barnacled, slimy, elven, silver, iron, bone,
demonic, glowing, dark
a: Potion Petition, Call Merchant, Bribe Branch, Renounce Religion


You escaped.
You worshipped Gozag Ym Sagoz.
Gozag Ym Sagoz was extremely pleased with you.
You were not hungry.

You visited 1 branch You collected 88425 gold pieces.
You spent 21414 gold pieces at shops.
You paid 38510 gold pieces to Gozag.

Inventory:

Weapons
 p - a +9 longbow of molten steel (weapon)
 J - the cursed +0 hand crossbow "Hell-Harrower" {venom, *Contam rN+ Dex+4, (Curse: *Corrode)}
   (You bought it in a shop in the Dungeon)

   It poisons the ammo it fires.
   It affects your dexterity (+4).
   It protects you from negative energy.
   It causes magical contamination when unequipped.
   It has a curse placed upon it.
   { (Curse: *Corrode)}
Armour
 q - the +1 pair of gloves "Nudden" (worn) {*Drain rCorr Dex+9}
   (You bought it in a shop in the Dungeon)

   It affects your dexterity (+9).
   It provides partial protection from all sources of acid and corrosion.
   It causes draining when unequipped.
 u - a +4 centaur barding of fire resistance (worn)
 v - +12 gold dragon scales of strength (worn)
 E - the +0 cloak "Diujoh" (worn) {*Corrode rPois rN++ Dex+3}
   (You bought it in a shop in the Dungeon)

   It affects your dexterity (+3).
   It protects you from poison.
   It greatly protects you from negative energy.
   It may corrode you when you take damage.
 H - the +4 hat of Charity (worn) {rF+ +Vis}
   (You bought it in a shop in the Dungeon)

   It protects you from fire.
   It improves your vision.
Jewellery
 d - the ring of Okawaru's Favour (left hand) {rN+ Int+5 Slay+6 +Vis}
   (You bought it in a shop in the Dungeon)

   [ring of intelligence]

   It affects your intelligence (+5).
   It affects your accuracy and damage with ranged weapons and melee attacks
   (+6).
   It protects you from negative energy.
   It improves your vision.
 t - the ring "Vimpid" (right hand) {MR++ Str+5 Int+3}
   (You bought it in a shop in the Dungeon)

   [ring of strength]

   It affects your strength (+5).
   It affects your intelligence (+3).
   It affects your resistance to hostile enchantments.
 x - the ring "Dowyclaw" {rC+ rN+ Str+5}
   (You bought it in a shop in the Dungeon)

   [ring of strength]

   It affects your strength (+5).
   It protects you from cold.
   It protects you from negative energy.
 D - the ring "Hixofaif" {*Drain +Blink rN++ AC+5}
   (You bought it in a shop in the Dungeon)

   [ring of protection]

   It affects your AC (+5).
   It greatly protects you from negative energy.
   It lets you blink.
   It causes draining when unequipped.
 I - the amulet of Dytz (around neck) {Harm -Tele *Drain Str+6 Slay+5 Stlth-}
   (You bought it in a shop in the Dungeon)

   [amulet of harm]

   It increases damage dealt and taken.
   It affects your strength (+6).
   It affects your accuracy and damage with ranged weapons and melee attacks
   (+5).
   It prevents most forms of teleportation.
   It causes draining when unequipped.
   It makes you less stealthy.
Wands
 a - a wand of polymorph (3)
 c - a wand of ensnaring (16)
 k - a wand of acid (18)
 l - a wand of iceblast (5)
 o - a wand of enslavement (6)
 r - a wand of flame (1)
 z - a wand of scattershot (4)
 F - a wand of random effects (15)
 G - a wand of hasting (6)
Scrolls
 b - a scroll of immolation
 j - 6 scrolls of blinking
 m - 3 scrolls of fog
 w - 3 scrolls of enchantment
 y - a scroll of vulnerability
Potions
 e - 3 potions of curing
 f - 3 potions of heal wounds
 g - 3 potions of haste
 h - 3 potions of magic
 i - a potion of berserk rage
 n - a potion of resistance
 A - 2 potions of agility
 L - a potion of might
Miscellaneous
 K - a fan of gales
Comestibles
 C - 9 rations


   Skills:
 O Level 27 Fighting
 O Level 27 Bows
 O Level 27 Crossbows
 O Level 27 Armour
 O Level 27 Dodging
 - Level 11.6 Stealth
 - Level 15.6 Unarmed Combat
 + Level 22.0 Spellcasting
 + Level 16.2 Hexes
 + Level 22.4 Charms
 + Level 22.4 Translocations
 + Level 16.2 Transmutations
 + Level 16.2 Air Magic
 + Level 16.3 Earth Magic
 O Level 27 Evocations


You had 44 spell levels left.
You knew the following spells:

 Your Spells              Type           Power        Failure   Level  Hunger
a - Blink                 Tloc           N/A          0%          2    None
b - Portal Projectile     Chrm/Tloc      50 (50)      0%          3    None
c - Passage of Golubria   Tloc           N/A          0%          4    None
d - Deflect Missiles      Chrm/Air       57 (200)     1%          6    ####...
e - Swiftness             Chrm/Air       57 (100)     0%          2    None
f - Silence               Hex/Air        52 (200)     1%          5    ##.....
g - Leda's Liquefaction   Tmut/Erth      52 (200)     1%          4    None

Your spell library contained the following spells:

 Spells                   Type           Power        Failure   Level  Hunger
 Sandblast                Erth           50 (50)      0%          1    None
 Passwall                 Tmut/Erth      52 (120)     0%          2    None
 Shroud of Golubria       Chrm/Tloc      62 (200)     0%          2    None
 Stone Arrow              Erth           50 (50)      0%          3    None
 Teleport Other           Hex/Tloc       57 (100)     0%          3    None
 Force Lance              Tloc/Air       57 (200)     0%          4    None
 Force Lasso              Tloc/Erth      57 (200)     0%          4    None
 Muse Oam's Air Blast     Tloc/Air       57 (100)     0%          4    None
 Corpse Rot               Tmut/Necr      N/A          1%          2    None
 Recall                   Summ/Tloc      N/A          1%          3    None
 Cause Fear               Hex            52 (200)     1%          4    None
 Petrify                  Tmut/Erth      52 (100)     1%          4    None
 Excruciating Wounds      Chrm/Necr      41 (200)     1%          5    ##.....
 Lee's Rapid Deconstruct  Erth           52 (200)     1%          5    ##.....
 Methodical Deconstructi  Erth           52 (200)     1%          5    ##.....
 Yara's Violent Unravell  Hex/Tmut       52 (200)     1%          5    ##.....
 Conjure Ball Lightning   Air            52 (200)     1%          6    ####...
 Darkness                 Hex            52 (200)     1%          6    ####...
 Dispersal                Tloc           62 (200)     1%          6    ####...
 Invisibility             Chrm           62 (100)     1%          6    ####...
 Iron Shot                Erth           52 (200)     1%          6    ####...
 Statue Form              Tmut/Erth      52 (150)     1%          6    ####...
 Tunneling                Erth           52 (200)     1%          6    ####...
 Controlled Blink         Tloc           62 (100)     1%          7    ######.
 Disjunction              Tloc           62 (200)     2%          8    #######
 Bolt of Magma            Fire/Erth      33 (200)     4%          5    ##.....
 Summon Forest            Summ/Erth      33 (200)     4%          5    ##.....
 Summon Lightning Spire   Summ/Air       33 (100)     4%          5    ##.....
 Sublimation of Blood     Necr           13 (200)     7%          2    None
 Chain Lightning          Air            52 (200)     38%         8    #######
 Discord                  Hex            52 (200)     38%         8    #######
 Lehudib's Crystal Spear  Erth           52 (200)     38%         8    #######
 Malign Gateway           Summ/Tloc      41 (200)     41%         7    ######.
 Aura of Abjuration       Summ           13 (200)     82%         5    ##.....
 Bolt of Draining         Necr           13 (200)     82%         5    ##.....
 Summon Mana Viper        Summ/Pois      13 (100)     82%         5    ##.....
 Death's Door             Chrm/Necr      41 (200)     98%         8    #######
 Agony                    Necr           13 (180)     100%        6    ####...
 Poison Arrow             Pois           13 (200)     100%        6    ####...
 Shadow Creatures         Summ           N/A          100%        6    ####...
 Haunt                    Necr/Summ      13 (200)     100%        7    ######.
 Monstrous Menagerie      Summ           13 (200)     100%        7    ######.
 Borgnjor's Revivificati  Necr           13 (200)     100%        8    #######
 Necromutation            Tmut/Necr      33 (200)     100%        8    #######
 Summon Jungle            Summ           13 (200)     100%        8    #######
 Fire Storm               Fire           13 (200)     100%        9    #######
 Glaciate                 Ice            13 (200)     100%        9    #######
 Shatter                  Erth           52 (200)     100%        9    #######
 Tornado                  Air            52 (200)     100%        9    #######


Dungeon Overview and Level Annotations

Branches:
Dungeon (1/1)

Altars:
Cheibriados
Dithmenos
Fedhas Madash
Gozag Ym Sagoz
Kikubaaqudgha
Makhleb
Okawaru
Qazlal
Ru
Sif Muna
Trog
Uskayaw
Vehumet
Wu Jian
Xom
Yredelemnul
Zin
The Shining One
Beogh
Jiyva
Lugonu

Shops:
D [%([((((?*?***([((*=*=[((*[!(!!!


Innate Abilities, Weirdness & Mutations

You have hooves in place of feet.
Armour fits poorly on your strangely shaped body.
You cover ground very quickly.
You have extremely tough skin. (AC +3)
Your poor vision makes scrolls take longer to read and aiming more difficult.
You are dopey. (Int -2)
Your magical capacity is low. (-10% MP)
You do not regenerate when monsters are visible.
Your spells are a little easier to cast, but a little less powerful.


Message History

You feel less invigorated.
You feel less confused.
You start waiting.
You start waiting.
HP restored.
You start waiting.
Done waiting.
You start waiting.
Done waiting.
You start waiting.
Done waiting.
You start waiting.
Done waiting.
There is a staircase leading out of the dungeon here.
You see here the Orb of Zot.
You pick up the Orb of Zot!
The Orb lets out a hideous shriek!
The lords of Pandemonium are not amused.
Beware!
Now all you have to do is get back out of the dungeon!
A gibbering mound comes into view.
You have escaped!

#_...∩]...# ###....∩....###
#]}....∩[.[).)#
######.8........)8[######
##∩___......###...)..___∩##
###"....)).)8.# #.8...)....∩###
##........)..])###.............##
#⌠.......)..###...###..........⌠#
#⌠..[)∩∩∩∩∩∩# #.@.# #.)..∩∩∩..)⌠#
#⌠.........)###)..###[....)....⌠#
##......))]....###.....!.......##
###∩......].8^# #.8J.......∩###
###___......###......__.∩##
#####)8.).^.).).8.######
#).....∩.....)# ###...[∩..[)###
#....∩.^._#


You could see a gibbering mound.

Vanquished Creatures
  Dissolution (D)
  Mara (D)
  Gloorx Vloq (D)
  Ereshkigal (D)
  Ignacio (D)
  Mnoleg (D)
  8 ancient liches (D)
  Dispater (D)
  3 orbs of fire (D)
  A deep elf elementalist (D)
  Boris (D)
  3 curse toes (D)
  Geryon (D)
  15 liches (D)
  10 Brimstone Fiends (D)
  4 Ice Fiends (D)
  An iron giant (D)
  4 Hell Sentinels (D)
  2 electric golems (D)
  A quicksilver dragon (D)
  Ilsuiw (D)
  11 pandemonium lords (D)
  Murray (D)
  16 Executioners (D)
  A sphinx (D)
  6 daevas (D)
  2 iron dragons (D)
  3 fire giants (D)
  16 angels (D)
  6 balrugs (D)
  7 Orb Guardians (D)
  13 reapers (D)
  A death cob (D)
  3 white draconians (D)
  An eidolon (D)
  22 green deaths (D)
  A tentacled monstrosity (D)
  3 blizzard demons (D)
  9 hell beasts (D)
  2 lorocyprocas (D)
  2 stone giants (D)
  2 iron elementals (D)
  4 catoblepae (D)
  A soul eater (D)
  2 hell hogs (D)
  3 apis (D)
  A shadow demon (D)
  A fire crab (D)
  6 swamp dragons (D)
  Aizul (D)
  32 death drakes (D)
  3 phantasmal warriors (D)
  12 hydras (D)
  2 centaur warriors (D)
  2 harpies (D)
  4 skeletal warriors (D)
  2 sun demons (D)
  A sixfirhy (D)
  A deep troll (D)
  46 shining eyes (D)
  3 death yaks (D)
  5 rust devils (D)
  4 moths of wrath (D)
  3 gargoyles (D)
  An iron troll (D)
  6 hellions (D)
  7 ugly things (D)
  A spiny frog (D)
  2 hellwings (D)
  3 ice devils (D)
  23 smoke demons (D)
  5 trolls (D)
  2 freezing wraiths (D)
  An orange demon (D)
  2 tormentors (D)
  3 efreet (D)
  2 red devils (D)
  3 ynoxinuls (D)
  4 wraiths (D)
  3 dream sheep (D)
  12 wandering mushrooms (D)
  A yak (D)
  Menkaure (D)
  A fire elemental (D)
  A naga (D)
  10 hungry ghosts (D)
  2 guardian mummies (D)
  2 water moccasins (D)
  3 earth elementals (D)
  3 hell hounds (D)
  A necrophage (D)
  A porcupine (D)
  A swamp drake (D)
  10 centaurs (D)
  A quasit (D)
  A crimson imp (D)
  12 mummies (D)
  A worker ant (D)
  2 iron imps (D)
  A shadow imp (D)
  2 adders (D)
  3 sewer rats (D)
  2 white imps (D)
  2 cinder newts (D)
  An orc (D)
  An adder skeleton (D)
  2 ball pythons (D)
  2 quokkas (D)
  2 bat skeletons (D)
  A quokka skeleton (D)
  A rat (D)
  4 fire vortices (D)
  A giant blowfly (D)
488 creatures vanquished.

Vanquished Creatures (others)
  2 fire vortices (D)
2 creatures vanquished.

Grand Total: 490 creatures vanquished

Notes
Turn   | Place    | Note
-------+----------+-------------------------------------------
     0 | D        | esc the Centaur Hunter began the quest for the Orb.
     0 | D        | Reached XP level 1. HP: 17/17 MP: 1/1
     1 | D        | Found a sacrificial altar of Ru.
     2 | D        | Found an ornate altar of the Wu Jian Council.
     2 | D        | Found a corrupted altar of Lugonu.
     3 | D        | Found a burning altar of Makhleb.
     3 | D        | Found a snail-covered altar of Cheibriados.
     4 | D        | Found a shimmering altar of Xom.
     4 | D        | Found a blossoming altar of Fedhas.
     4 | D        | Found an iron altar of Okawaru.
     4 | D        | Found Sangytau's Delicious Food.
     5 | D        | Found Ysaraun's Advanced Armour.
     5 | D        | Found Waath's Premium Goods.
     5 | D        | Found Noutuoce's Jewellery.
     6 | D        | Found Buoqe's Miscellaneous Merchandise.
     6 | D        | Found Xotefijep's Basic Armour.
     7 | D        | Found a hide-covered altar of Uskayaw.
     7 | D        | Found a glowing silver altar of Zin.
     7 | D        | Found a stormy altar of Qazlal.
     7 | D        | Found Guriokh's Weapon Rack.
     8 | D        | Round 1.
    27 | D        | Bought a +0 longbow for 135 gold pieces
    32 | D        | Found a viscous altar of Jiyva.
    33 | D        | Found a roughly hewn altar of Beogh.
    35 | D        | Found Kearuq's Do-It-Yourself Clinic.
    36 | D        | Found Atucobbi's Bottled Wisdom.
    36 | D        | Found Jeto's Distillery.
    37 | D        | Found a glowing golden altar of the Shining One.
    37 | D        | Found an opulent altar of Gozag.
    37 | D        | Found a radiant altar of Vehumet.
    37 | D        | Found Lyucsamn's Distillery.
    74 | D        | Reached XP level 2. HP: 7/28 MP: 2/2
    80 | D        | Reached XP level 3. HP: 10/34 MP: 3/3
   137 | D        | Found a basalt altar of Yredelemnul.
   140 | D        | Found a bloodstained altar of Trog.
   141 | D        | Found a shadowy altar of Dithmenos.
   148 | D        | Found Qinnuuv's Magic Scroll Shop.
   149 | D        | Found Qogoabro's Magic Scroll Shop.
   149 | D        | Found Rextap Aneva's Must-Have Magic.
   150 | D        | Found a shimmering blue altar of Sif Muna.
   150 | D        | Found an ancient bone altar of Kikubaaqudgha.
   150 | D        | Found Dunnausm's Staff Store.
   177 | D        | Arena points: 12 (+12) [x2]
   177 | D        | Reached skill level 5 in Fighting
   245 | D        | Round 2.
   253 | D        | Noticed a porcupine
   257 | D        | Killed a porcupine
   257 | D        | Reached skill level 10 in Bows
   257 | D        | Reached XP level 4. HP: 47/47 MP: 4/4
   281 | D        | Became a worshipper of Gozag Ym Sagoz the Greedy
   299 | D        | Reached XP level 5. HP: 52/52 MP: 5/5
   418 | D        | Arena points: 54 (+42) [x3]
   442 | D        | Bought a scroll of bless item for 300 gold pieces
   486 | D        | Round 3.
   510 | D        | Noticed Menkaure
   510 | D        | Killed Menkaure
   510 | D        | Reached XP level 6. HP: 66/66 MP: 6/6
   524 | D        | Reached skill level 10 in Fighting
   634 | D        | Arena points: 138 (+84) [x4]
   662 | D        | Bought 4 scrolls of enchantment for 300 gold pieces
   720 | D        | Round 4.
   759 | D        | Noticed a water moccasin
   761 | D        | Killed a water moccasin
   761 | D        | Reached XP level 7. HP: 73/73 MP: 7/7
   848 | D        | Arena points: 298 (+160) [x5]
   848 | D        | Reached skill level 15 in Bows
   876 | D        | Bought 8 scrolls of enchantment for 600 gold pieces
   936 | D        | Round 5.
   938 | D        | Noticed Aizul
   938 | D        | Noticed a naga ritualist
   939 | D        | Killed Aizul
   939 | D        | Identified the amulet "Ywifabae" {Spirit rC- Slay+4} (You
                  | found it in the Dungeon)
   939 | D        | Arena points: 578 (+280) [x7]
   939 | D        | Reached XP level 8. HP: 85/85 MP: 8/8
   940 | D        | Got a serpentine rune of Zot
  1009 | D        | Bought a pair of steaming gloves for 332 gold pieces
  1009 | D        | Identified the +1 pair of gloves "Nudden" {*Drain rCorr
                  | Dex+9} (You bought it in a shop in the Dungeon)
  1014 | D        | Bought a transparent helmet for 332 gold pieces
  1014 | D        | Identified the +2 helmet of Broken Taboos {*Slow Int+4
                  | Dex+4} (You bought it in a shop in the Dungeon)
  1022 | D        | Reached XP level 9. HP: 94/94 MP: 9/9
  1172 | D        | Round 6.
  1178 | D        | Noticed a phantasmal warrior
  1180 | D        | Killed a phantasmal warrior
  1205 | D        | Noticed an eidolon
  1208 | D        | Killed an eidolon
  1208 | D        | Reached skill level 15 in Fighting
  1208 | D        | Reached XP level 10. HP: 106/106 MP: 10/10
  1297 | D        | Noticed a phantasmal warrior
  1298 | D        | Killed a phantasmal warrior
  1366 | D        | Noticed a phantasmal warrior
  1368 | D        | Killed a phantasmal warrior
  1368 | D        | Arena points: 1010 (+432) [x8]
  1398 | D        | Bought a shimmering iron ring for 45 gold pieces
  1398 | D        | Identified the cursed ring "Maamereh" {Ice +Blink rElec MR+
                  | Dex-3, (Curse: *Drain)} (You bought it in a shop in the
                  | Dungeon)
  1398 | D        | Bought a bound platinum ring for 45 gold pieces
  1398 | D        | Identified the ring "Erunuir" {rF+ rN+ Int+4 Dex+2} (You
                  | bought it in a shop in the Dungeon)
  1399 | D        | Bought a pitted bone ring for 45 gold pieces
  1399 | D        | Identified the cursed ring of Weser {Fire Int+3 +Vis,
                  | (Curse: *Drain)} (You bought it in a shop in the Dungeon)
  1399 | D        | Bought a transparent lapis lazuli ring for 45 gold pieces
  1399 | D        | Identified the ring "Vimpid" {MR++ Str+5 Int+3} (You bought
                  | it in a shop in the Dungeon)
  1403 | D        | Round 7.
  1413 | D        | Bought a warped cloak for 332 gold pieces
  1413 | D        | Identified the +0 cloak of the Skies Above {rF+++ Int+4
                  | Stlth-} (You bought it in a shop in the Dungeon)
  1431 | D        | Noticed a deep troll
  1433 | D        | Killed a deep troll
  1505 | D        | Arena points: 1514 (+504) [x9]
  1505 | D        | Reached XP level 11. HP: 117/117 MP: 11/11
  1567 | D        | Bought a +0 centaur barding for 276 gold pieces
  1572 | D        | Bought +0 gold dragon scales for 960 gold pieces
  1594 | D        | Round 8.
  1597 | D        | Reached skill level 1 in Armour
  1627 | D        | Arena points: 2154 (+640) [x10]
  1683 | D        | Bought a scroll of bless item for 300 gold pieces
  1688 | D        | Bought 2 scrolls of bless item for 600 gold pieces
  1702 | D        | Round 9.
  1761 | D        | Reached skill level 5 in Armour
  1828 | D        | Arena points: 3144 (+990) [x11]
  1871 | D        | Bought 8 scrolls of enchantment for 600 gold pieces
  1879 | D        | Bought 4 scrolls of enchantment for 300 gold pieces
  1883 | D        | Bought 4 scrolls of enchantment for 300 gold pieces
  1913 | D        | Round 10.
  1922 | D        | Noticed Ilsuiw
  1926 | D        | Killed Ilsuiw
  1926 | D        | Arena points: 4314 (+1170) [x13]
  1927 | D        | Got a barnacled rune of Zot
  1928 | D        | Reached XP level 12. HP: 129/129 MP: 12/12
  1958 | D        | Bought an ancient marble ring for 45 gold pieces
  1958 | D        | Identified the ring "Dowyclaw" {rC+ rN+ Str+5} (You bought
                  | it in a shop in the Dungeon)
  1958 | D        | Bought a faintly glowing iron ring for 45 gold pieces
  1958 | D        | Identified the ring "Gutoloth" {+Inv rC+ rN+ Str-5 Stlth+}
                  | (You bought it in a shop in the Dungeon)
  1958 | D        | Bought a faintly glowing ivory ring for 45 gold pieces
  1958 | D        | Identified the ring of the Endless Expanse {Str+5 Stlth+}
                  | (You bought it in a shop in the Dungeon)
  1958 | D        | Bought a scorched wooden ring for 45 gold pieces
  1958 | D        | Identified the ring "Uvuriup" {+Fly rF+ rCorr MP+9 Str+5
                  | Int-5} (You bought it in a shop in the Dungeon)
  1958 | D        | Bought a faintly glowing jade ring for 45 gold pieces
  1958 | D        | Identified the cursed ring "Jabetaig" {Wiz Stlth+, (Curse:
                  | Int-2 Slay-3)} (You bought it in a shop in the Dungeon)
  1958 | D        | Bought a vibrating amber ring for 45 gold pieces
  1958 | D        | Identified the cursed ring "Riagetu" {rC+ MR- Str+5 Stlth+,
                  | (Curse: *Corrode)} (You bought it in a shop in the Dungeon)
  1958 | D        | Bought a bound marble ring for 45 gold pieces
  1958 | D        | Identified the ring "Hixofaif" {*Drain +Blink rN++ AC+5}
                  | (You bought it in a shop in the Dungeon)
  1958 | D        | Bought a smoking bone ring for 45 gold pieces
  1958 | D        | Identified the ring of Qavoraj {Fire Int+2} (You bought it
                  | in a shop in the Dungeon)
  1958 | D        | Bought a glittering jade amulet for 45 gold pieces
  1958 | D        | Identified the amulet "Doug Piago" {Faith Str+3 Dex-3} (You
                  | bought it in a shop in the Dungeon)
  1958 | D        | Bought a brightly glowing bronze amulet for 45 gold pieces
  1958 | D        | Identified the amulet "Mod Toos" {Acrobat +Fly rF+ Str+4}
                  | (You bought it in a shop in the Dungeon)
  1958 | D        | Bought a brightly glowing silver amulet for 45 gold pieces
  1958 | D        | Identified the cursed amulet "Liepsof" {Faith Str+5,
                  | (Curse: rC-)} (You bought it in a shop in the Dungeon)
  1958 | D        | Bought a pitted ruby amulet for 45 gold pieces
  1958 | D        | Identified the amulet "Igruluf" {Reflect Dex+4 SH+5} (You
                  | bought it in a shop in the Dungeon)
  1958 | D        | Bought a coiled jade amulet for 45 gold pieces
  1958 | D        | Identified the cursed amulet "Itsies" {Chaos Dex+5, (Curse:
                  | rF-)} (You bought it in a shop in the Dungeon)
  2117 | D        | Round 11.
  2221 | D        | Noticed a sphinx
  2222 | D        | Killed a sphinx
  2252 | D        | Arena points: 6008 (+1694) [x14]
  2264 | D        | Bought a shiny helmet for 187 gold pieces
  2265 | D        | Bought 3 scrolls labeled KUTYVY APEN for 75 gold pieces
  2265 | D        | Bought a scroll labeled WOOKHU TI LUQ for 25 gold pieces
  2265 | D        | Bought a scroll labeled WUUJUE YSOZYI for 25 gold pieces
  2265 | D        | Bought a viscous brown potion for 22 gold pieces
  2265 | D        | Bought a scroll labeled FUNAOCR MIWO for 25 gold pieces
  2266 | D        | Bought a shiny glass wand for 100 gold pieces
  2292 | D        | Round 12.
  2342 | D        | Reached XP level 13. HP: 137/137 MP: 13/13
  2429 | D        | Arena points: 8348 (+2340) [x15]
  2480 | D        | Bought an onyx ring for 140 gold pieces
  2480 | D        | Bought a scroll labeled NUAJEFF OKHLIE for 28 gold pieces
  2480 | D        | Bought a jewelled glass wand for 112 gold pieces
  2480 | D        | Bought a potion of curing for 84 gold pieces
  2493 | D        | Round 13.
  2650 | D        | Arena points: 11052 (+2704) [x16]
  2711 | D        | Round 14.
  2790 | D        | Reached skill level 10 in Armour
  2816 | D        | Arena points: 13908 (+2856) [x17]
  2870 | D        | Bought 2 rations for 40 gold pieces
  2870 | D        | Bought 2 rations for 40 gold pieces
  2870 | D        | Bought 2 rations for 40 gold pieces
  2870 | D        | Bought 2 rations for 40 gold pieces
  2870 | D        | Bought 2 rations for 40 gold pieces
  2870 | D        | Bought 2 rations for 40 gold pieces
  2870 | D        | Bought 2 rations for 40 gold pieces
  2875 | D        | Round 15.
  2876 | D        | Noticed a deep elf elementalist
  2879 | D        | Killed a deep elf elementalist
  2879 | D        | Arena points: 17043 (+3135) [x19]
  2880 | D        | Got an elven rune of Zot
  2885 | D        | Reached XP level 14. HP: 149/149 MP: 14/14
  3092 | D        | Round 16.
  3223 | D        | Arena points: 21523 (+4480) [x20]
  3290 | D        | Round 17.
  3398 | D        | Reached skill level 27 in Bows
  3431 | D        | Reached XP level 15. HP: 160/160 MP: 15/15
  3454 | D        | Arena points: 26878 (+5355) [x21]
  3512 | D        | Bought a cyan potion for 35 gold pieces
  3512 | D        | Bought a curved bronze wand for 156 gold pieces
  3519 | D        | Round 18.
  3657 | D        | Gained mutation: Your magical capacity is low. (-10% MP) [a
                  | shining eye]
  3671 | D        | Gained mutation: Your spells are a little easier to cast,
                  | but a little less powerful. [a shining eye]
  3705 | D        | Arena points: 32026 (+5148) [x22]
  3763 | D        | Round 19.
  3822 | D        | Noticed an Ice Fiend
  3825 | D        | Killed an Ice Fiend
  3852 | D        | Noticed a Brimstone Fiend
  3855 | D        | Killed a Brimstone Fiend
  3855 | D        | Reached skill level 15 in Armour
  3862 | D        | Arena points: 39455 (+7429) [x23]
  3933 | D        | Round 20.
  3934 | D        | Noticed Mara
  3937 | D        | Killed Mara
  3937 | D        | Arena points: 45955 (+6500) [x25]
  3938 | D        | Got a silver rune of Zot
  3939 | D        | Reached XP level 16. HP: 178/178 MP: 14/14
  3974 | D        | Bought a faintly glowing cloak for 332 gold pieces
  3974 | D        | Identified the +0 cloak "Diujoh" {*Corrode rPois rN++
                  | Dex+3} (You bought it in a shop in the Dungeon)
  3974 | D        | Bought a faintly humming hat for 315 gold pieces
  3974 | D        | Identified the cursed +4 hat of Charity {rF+ +Vis, (Curse:
                  | rF-)} (You bought it in a shop in the Dungeon)
  3974 | D        | Bought a pair of faintly humming gloves for 332 gold pieces
  3974 | D        | Identified the +2 pair of gloves of Wariness {rElec Str+4
                  | Dex+2} (You bought it in a shop in the Dungeon)
  4000 | D        | Bought 2 scrolls of bless item for 600 gold pieces
  4123 | D        | Round 21.
  4134 | D        | Noticed a Hell Sentinel
  4139 | D        | Killed a Hell Sentinel
  4194 | D        | Noticed a Hell Sentinel
  4200 | D        | Killed a Hell Sentinel
  4200 | D        | Reached XP level 17. HP: 152/188 MP: 11/15
  4210 | D        | Noticed a quicksilver dragon
  4211 | D        | Killed a quicksilver dragon
  4236 | D        | Noticed a Hell Sentinel
  4240 | D        | Killed a Hell Sentinel
  4258 | D        | Noticed an iron giant
  4258 | D        | Noticed a Hell Sentinel
  4268 | D        | Killed an iron giant
  4268 | D        | Reached skill level 27 in Fighting
  4273 | D        | Killed a Hell Sentinel
  4273 | D        | Arena points: 55237 (+9282) [x26]
  4323 | D        | Bought the cursed amulet of Dytz {Harm -Tele *Drain Str+6
                  | Slay+5 Stlth-, (Curse: rF-)} for 848 gold pieces
  4362 | D        | Round 22.
  4418 | D        | Noticed Murray
  4421 | D        | Killed Murray
  4430 | D        | Noticed a curse toe
  4431 | D        | Killed a curse toe
  4477 | D        | Noticed a curse toe
  4478 | D        | Noticed a curse toe
  4479 | D        | Killed a curse toe
  4481 | D        | Killed a curse toe
  4487 | D        | Arena points: 65335 (+10098) [x27]
  4571 | D        | Round 23.
  4619 | D        | Reached skill level 5 in Dodging
  4694 | D        | Arena points: 75639 (+10304) [x28]
  4771 | D        | Round 24.
  4783 | D        | Gained mutation: You do not regenerate when monsters are
                  | visible. [a shining eye]
  4790 | D        | Gained mutation: Your poor vision makes scrolls take longer
                  | to read and aiming more difficult. [a shining eye]
  4805 | D        | Gained mutation: You are dopey. (Int -2) [a shining eye]
  4832 | D        | Arena points: 90255 (+14616) [x29]
  4871 | D        | Round 25.
  4876 | D        | Noticed Dissolution
  4879 | D        | Killed Dissolution
  4879 | D        | Identified the +4 staff "Sixiur" {flay, poison; rPois
                  | Int+4} (You found it in the Dungeon)
  4879 | D        | Arena points: 101105 (+10850) [x31]
  4879 | D        | Reached XP level 18. HP: 200/200 MP: 16/16
  4880 | D        | Got a slimy rune of Zot
  4883 | D        | Reached XP level 19. HP: 207/207 MP: 17/17
  4920 | D        | Bought a scroll of blinking for 270 gold pieces
  4920 | D        | Bought a potion of agility for 144 gold pieces
  4920 | D        | Bought a wand of acid (13) for 288 gold pieces
  5069 | D        | Round 26.
  5077 | D        | Noticed a lich
  5079 | D        | Killed a lich
  5096 | D        | Reached skill level 15 in Dodging
  5120 | D        | Noticed an ancient lich
  5122 | D        | Noticed an ancient lich
  5123 | D        | Killed an ancient lich
  5125 | D        | Killed an ancient lich
  5136 | D        | Noticed a lich
  5138 | D        | Killed a lich
  5158 | D        | Noticed an ancient lich
  5160 | D        | Killed an ancient lich
  5162 | D        | Noticed Boris
  5165 | D        | Killed Boris
  5165 | D        | Reached skill level 27 in Armour
  5197 | D        | Reached XP level 20. HP: 216/216 MP: 18/18
  5200 | D        | Noticed an ancient lich
  5202 | D        | Killed an ancient lich
  5210 | D        | Noticed an ancient lich
  5211 | D        | Killed an ancient lich
  5221 | D        | Noticed an ancient lich
  5224 | D        | Killed an ancient lich
  5234 | D        | Arena points: 120241 (+19136) [x32]
  5298 | D        | Round 27.
  5309 | D        | Bought a jewelled longbow {venom} for 294 gold pieces
  5309 | D        | Identified the cursed +9 longbow of Ineneq {venom, +Blink,
                  | (Curse: Int-5)} (You bought it in a shop in the Dungeon)
  5311 | D        | Bought a potion of heal wounds for 155 gold pieces
  5311 | D        | Bought a scroll of blinking for 232 gold pieces
  5311 | D        | Bought a scroll labeled LABEPS ELIY for 31 gold pieces
  5311 | D        | Bought a potion of haste for 310 gold pieces
  5384 | D        | Noticed an ancient lich
  5386 | D        | Killed an ancient lich
  5443 | D        | Reached skill level 27 in Dodging
  5443 | D        | Reached skill level 1 in Evocations
  5489 | D        | Arena points: 120673 (+432) [x1]
  5703 | D        | Round 28.
  5718 | D        | Reached skill level 5 in Evocations
  5826 | D        | Arena points: 121513 (+840) [x2]
  5925 | D        | Round 29.
  5926 | D        | Reached skill level 10 in Evocations
  5954 | D        | Reached skill level 15 in Evocations
  5991 | D        | Arena points: 123514 (+2001) [x3]
  6035 | D        | Round 30.
  6053 | D        | Bought a quad damage for 400 gold pieces
  6053 | D        | Bought a quad damage for 400 gold pieces
  6053 | D        | Bought a quad damage for 400 gold pieces
  6053 | D        | Bought a scroll of bless item for 600 gold pieces
  6085 | D        | Noticed Ereshkigal
  6089 | D        | Killed Ereshkigal
  6089 | D        | Arena points: 125914 (+2400) [x5]
  6089 | D        | Reached XP level 21. HP: 224/224 MP: 29/31
  6090 | D        | Got a bone rune of Zot
  6091 | D        | Reached XP level 22. HP: 233/233 MP: 29/32
  6266 | D        | Round 31.
  6420 | D        | Arena points: 130192 (+4278) [x6]
  6501 | D        | Bought the cursed ring of Okawaru's Favour {rN+ Int+5
                  | Slay+6 +Vis, (Curse: *Drain)} for 1733 gold pieces
  6510 | D        | Round 32.
  6535 | D        | Noticed Duhekybla the pandemonium lord
  6538 | D        | Killed Duhekybla the pandemonium lord
  6551 | D        | Noticed Deos the pandemonium lord
  6555 | D        | Killed Deos the pandemonium lord
  6559 | D        | Noticed Laej the pandemonium lord
  6561 | D        | Killed Laej the pandemonium lord
  6561 | D        | Reached skill level 27 in Evocations
  6570 | D        | Noticed Tykk the pandemonium lord
  6572 | D        | Killed Tykk the pandemonium lord
  6576 | D        | Noticed Juqec the pandemonium lord
  6580 | D        | Killed Juqec the pandemonium lord
  6580 | D        | Reached skill level 5 in Spellcasting
  6583 | D        | Noticed Musy the pandemonium lord
  6586 | D        | Killed Musy the pandemonium lord
  6586 | D        | Reached skill level 5 in Stealth
  6619 | D        | Noticed Unlasybie the pandemonium lord
  6622 | D        | Killed Unlasybie the pandemonium lord
  6638 | D        | Noticed Ynob the pandemonium lord
  6640 | D        | Killed Ynob the pandemonium lord
  6640 | D        | Noticed Lont the pandemonium lord
  6641 | D        | Killed Lont the pandemonium lord
  6641 | D        | Reached skill level 10 in Spellcasting
  6675 | D        | Noticed Eni Zuafutost the pandemonium lord
  6678 | D        | Killed Eni Zuafutost the pandemonium lord
  6678 | D        | Arena points: 135792 (+5600) [x7]
  6682 | D        | Bought a smoking hand crossbow {venom} for 238 gold pieces
  6682 | D        | Identified the cursed +0 hand crossbow "Hell-Harrower"
                  | {venom, *Contam rN+ Dex+4, (Curse: *Corrode)} (You bought
                  | it in a shop in the Dungeon)
  6717 | D        | Round 33.
  6732 | D        | Reached skill level 5 in Crossbows
  6742 | D        | Noticed Gloorx Vloq
  6749 | D        | Killed Gloorx Vloq
  6749 | D        | Arena points: 140841 (+5049) [x9]
  6749 | D        | Reached XP level 23. HP: 240/240 MP: 36/36
  6750 | D        | Got a dark rune of Zot
  6751 | D        | Reached skill level 15 in Crossbows
  6751 | D        | Reached XP level 24. HP: 249/249 MP: 36/36
  6955 | D        | Round 34.
  7078 | D        | Arena points: 146961 (+6120) [x10]
  7155 | D        | Round 35.
  7214 | D        | Arena points: 154661 (+7700) [x11]
  7259 | D        | Round 36.
  7277 | D        | Found the +4 staff of Dispater
  7277 | D        | Noticed Dispater
  7281 | D        | Killed Dispater
  7281 | D        | Arena points: 163085 (+8424) [x13]
  7282 | D        | Got an iron rune of Zot
  7485 | D        | Round 37.
  7555 | D        | Reached skill level 27 in Crossbows
  7563 | D        | Reached skill level 10 in Stealth
  7572 | D        | Identified the cursed ring "Hoozate" {Wiz Int+6, (Curse:
                  | *Drain Fragile)}
  7581 | D        | Bought a book of Geomancy for 210 gold pieces
  7581 | D        | Bought a Necronomicon for 763 gold pieces
  7581 | D        | Bought a Grand Grimoire for 734 gold pieces
  7581 | D        | Bought a book of Annihilations for 734 gold pieces
  7581 | D        | Bought a book of Burglary for 455 gold pieces
  7581 | D        | Bought a book of the Earth for 350 gold pieces
  7581 | D        | Bought a book of the Warp for 595 gold pieces
  7581 | D        | Bought a book of the Sky for 350 gold pieces
  7581 | D        | Bought a book of Death for 385 gold pieces
  7581 | D        | Bought a book of Enchantments for 455 gold pieces
  7581 | D        | Bought a book of Spatial Translocations for 350 gold pieces
  7581 | D        | Bought a book of Summonings for 385 gold pieces
  7584 | D        | Learned a level 2 spell: Blink
  7628 | D        | Identified the cursed ring of Liwkog {Wiz *Slow rF+ rC+
                  | rN+, (Curse: Fragile)}
  7632 | D        | Noticed Geryon
  7636 | D        | Killed Geryon
  7636 | D        | Reached skill level 15 in Unarmed Combat
  7645 | D        | Arena points: 174999 (+11914) [x14]
  7650 | D        | Learned a level 3 spell: Portal Projectile
  7655 | D        | Learned a level 4 spell: Passage of Golubria
  7662 | D        | Learned a level 6 spell: Deflect Missiles
  7665 | D        | Learned a level 2 spell: Swiftness
  7671 | D        | Learned a level 5 spell: Silence
  7676 | D        | Learned a level 4 spell: Leda's Liquefaction
  7717 | D        | Round 38.
  7721 | D        | Reached skill level 1 in Charms
  7721 | D        | Reached skill level 1 in Translocations
  7725 | D        | Reached skill level 5 in Charms
  7725 | D        | Reached skill level 5 in Translocations
  7729 | D        | Noticed Ignacio
  7747 | D        | Killed Ignacio
  7749 | D        | Reached skill level 10 in Charms
  7749 | D        | Reached skill level 10 in Translocations
  7756 | D        | Reached skill level 15 in Spellcasting
  7815 | D        | Arena points: 188679 (+13680) [x15]
  7841 | D        | Round 39.
  7841 | D        | Noticed Mnoleg
  7858 | D        | Killed Mnoleg
  7858 | D        | Arena points: 201276 (+12597) [x17]
  7859 | D        | Got a glowing rune of Zot
  7860 | D        | Reached XP level 25. HP: 88/257 MP: 38/39
  7861 | D        | Reached XP level 26. HP: 91/266 MP: 38/39
  8073 | D        | Round 40.
  8080 | D        | Reached skill level 15 in Charms
  8080 | D        | Reached skill level 15 in Translocations
  8083 | D        | Noticed an orb of fire
  8088 | D        | Killed an orb of fire
  8090 | D        | Reached XP level 27. HP: 233/273 MP: 39/40
  8139 | D        | Reached skill level 1 in Hexes
  8139 | D        | Reached skill level 1 in Transmutations
  8139 | D        | Reached skill level 1 in Air Magic
  8139 | D        | Reached skill level 1 in Earth Magic
  8199 | D        | Noticed an orb of fire
  8199 | D        | Noticed an orb of fire
  8203 | D        | Killed an orb of fire
  8203 | D        | Reached skill level 5 in Hexes
  8203 | D        | Reached skill level 5 in Transmutations
  8203 | D        | Reached skill level 5 in Air Magic
  8203 | D        | Reached skill level 5 in Earth Magic
  8204 | D        | Killed an orb of fire
  8208 | D        | Arena points: 219276 (+18000) [x18]
  8306 | D        | Round 41.
  8490 | D        | Arena points: 236414 (+17138) [x19]
  8539 | D        | Round 42.
  8539 | D        | Noticed Master Blaster
  8554 | D        | Noticed Minis the pandemonium lord
  8565 | D        | Killed Minis the pandemonium lord
  8575 | D        | Killed Master Blaster
  8575 | D        | Identified the +9 sai "Ydwog" {pierce, Str+4 Int+4} (You
                  | found it in the Dungeon)
  8575 | D        | Arena points: 254054 (+17640) [x21]
  8583 | D        | Got a demonic rune of Zot
  9193 | D        | Got the Orb of Zot
  9195 | D        | Escaped with the Orb!

Levels and vault maps discovered:
D:        arena_sprint

Skill      XL: |  1  2  3  4  5  6  7  8  9 10 11 12 13 14 15 16 17 18 19 20 21 22 23 24 25 26 27 |
---------------+----------------------------------------------------------------------------------+-----
Fighting       | 4 7 9 10 12 13 15 17 18 19 20 22 25 26 27 | 27.0
Bows           | 7 10 12 14 16 17 19 22 23 24 25 27 | 27.0
Armour         | 7 8 11 12 16 17 24 27 | 27.0
Dodging        | 3 13 14 20 27 | 27.0
Evocations     | 19 27 | 27.0
Stealth        | 9 11 | 11.6
Unarmed Combat | 13 15 | 15.6
Spellcasting   | 10 17 22 | 22.0
Crossbows      | 14 15 27 | 27.0
Charms         | 14 16 22 | 22.4
Translocations | 14 16 22 | 22.4
Hexes          | 16 | 16.2
Transmutations | 16 | 16.2
Air Magic      | 16 | 16.2
Earth Magic    | 16 | 16.3

Action                   |  1- 3 |  4- 6 |  7- 9 | 10-12 | 13-15 | 16-18 | 19-21 | 22-24 | 25-27 || total
-------------------------+-------+-------+-------+-------+-------+-------+-------+-------+-------++-------
 Fire: Longbow           |    18 |    17 |    14 |    57 |   117 |   119 |    94 |   216 |   107 ||   759
       Shortbow          |     1 |       |       |       |       |       |       |       |       ||     1
Invok: Call Merchant     |       |       |       |     1 |     9 |     2 |     3 |     4 |       ||    19
Evoke: Quad damage       |       |       |       |       |       |       |     1 |     2 |       ||     3
  Use: Scroll            |       |     5 |     5 |    19 |       |     2 |     2 |     1 |       ||    34
       Potion            |       |       |     1 |     1 |     2 |     1 |     1 |     7 |     4 ||    17
  Eat: Ration            |       |       |       |     1 |     2 |       |     2 |     1 |       ||     6
Armor: Leather armour    |     2 |     1 |       |       |       |       |       |       |       ||     3
       Gold dragon scale |       |       |       |       |       |     7 |       |    84 |     2 ||    93
Dodge: Dodged            |     1 |       |       |       |       |       |       |    34 |     4 ||    39
